Map: World of Sleepers LE

Players

zuka - Winner!

  • Race: Protoss Protoss
  • League: Master
  • Spawn Location: 1:00

StraightEdge

  • Race: Protoss Protoss
  • League: Master
  • Spawn Location: 7:00

VOD

Have the link to the VOD?

Description

Time

  • Played on: Dec. 22, 2019, 12:23 p.m.
  • Length: 15:56
Show
View Real Time Build Order
Export as new Build Order

zuka Protoss - Winner!

Build Orders: Oracle Opening, Phoenix Opening, Carriers, Mass Phoenix 

Get SALT Encoding   

  12  0:01  Probe  
  13  0:13  Probe  
  14  0:18  Pylon  
  14  0:25  Probe (Chrono Boost)  
  15  0:36  Probe (Chrono Boost)  
  15  0:37  Gateway  
  16  0:42  Probe  
  16  0:46  Assimilator  
  17  0:55  Probe, Assimilator  
  18  1:07  Probe  
  19  1:14  Gateway  
  19  1:19  Probe  
  19  1:25  Cybernetics Core  
  20  1:31  Probe  
  21  1:41  Pylon  
  21  1:43  Probe  
  22  1:55  Probe  
  23  2:05  Stargate  
  23  2:07  Probe  
  24  2:20  Adept x2 (Chrono Boost)  
  28  2:42  Nexus  
  31  2:51  Oracle  
  31  2:54  Warp Gate  
  31  3:00  Pylon  
  31  3:18  Probe  
  30  3:30  Phoenix (Chrono Boost)  
  30  3:31  Probe  
  30  3:32  Stalker  
  33  3:37  Stalker  
  35  3:43  Probe  
  35  3:47  Pylon  
  36  3:55  Probe x2  
  38  4:06  Phoenix (Chrono Boost)  
  38  4:07  Probe x2  
  42  4:19  Probe x2  
  42  4:20  Stargate  
  42  4:22  Phoenix  
  44  4:30  Assimilator  
  46  4:31  Probe  
  46  4:36  Assimilator  
  47  4:38  Probe  
  47  4:43  Probe  
  49  4:47  Phoenix (Chrono Boost)  
  49  4:50  Probe  
  52  4:55  Probe  
  53  5:02  Probe  
  54  5:07  Probe, Pylon  
  54  5:10  Phoenix (Chrono Boost)  
  59  5:14  Phoenix (Chrono Boost)  
  59  5:15  Probe  
  59  5:19  Probe  
  47  5:28  Probe, Phoenix  
  61  5:32  Probe  
  61  5:35  Phoenix  
  67  5:40  Probe  
  67  5:42  Pylon  
  68  5:50  Probe  
  68  5:53  Probe  
  68  5:54  Protoss Air Weapons Level 1 (Chrono Boost)  
  70  5:57  Pylon  
  70  5:59  Phoenix  
  70  6:00  Phoenix  
  70  6:02  Probe  
  75  6:16  Fleet Beacon  
  75  6:23  Forge, Phoenix  
  75  6:29  Phoenix  
  75  6:31  Pylon  
  79  6:41  Phoenix  
  79  6:43  Probe  
  79  6:46  Shield Battery  
  80  6:49  Shield Battery  
  80  6:54  Phoenix  
  84  7:06  Anion Pulse-Crystals (Chrono Boost)  
  84  7:12  Nexus  
  84  7:13  Pylon  
  86  7:24  Phoenix x2 (Chrono Boost)  
  86  7:27  Probe  
  86  7:28  Probe, Assimilator  
  90  7:36  Assimilator  
  90  7:40  Probe x2  
  92  7:45  Phoenix  
  92  7:47  Phoenix  
  96  7:52  Probe x2  
  96  7:57  Photon Cannon  
  98  8:04  Probe  
  98  8:05  Protoss Air Weapons Level 2 (Chrono Boost)  
  99  8:07  Pylon  
  99  8:10  Phoenix (Chrono Boost)  
  101  8:23  Phoenix (Chrono Boost)  
  103  8:31  Cybernetics Core  
  103  8:32  Phoenix (Chrono Boost)  
  105  8:39  Stargate  
  106  8:41  Probe x3  
  106  8:44  Phoenix  
  106  8:47  Photon Cannon  
  110  8:51  Phoenix  
  112  9:10  Nexus  
  112  9:11  Pylon  
  112  9:16  Phoenix (Chrono Boost)  
  116  9:23  Phoenix (Chrono Boost)  
  118  9:28  Protoss Shields Level 1  
  118  9:30  Phoenix (Chrono Boost)  
  118  9:34  Assimilator  
  118  9:35  Phoenix (Chrono Boost)  
  120  9:41  Phoenix  
  120  9:44  Protoss Air Armor Level 1 (Chrono Boost)  
  122  9:48  Phoenix  
  124  9:55  Mothership (Chrono Boost)  
  124  9:58  Probe (Chrono Boost)  
  125  10:11  Pylon  
  125  10:13  Pylon  
  133  10:15  Pylon  
  133  10:19  Pylon  
  133  10:21  Phoenix x2  
  133  10:26  Phoenix  
  139  10:49  Robotics Facility  
  139  10:50  Photon Cannon  
  139  10:51  Phoenix  
  139  10:52  Photon Cannon  
  139  10:57  Protoss Air Weapons Level 3 (Chrono Boost), Phoenix  
  143  11:00  Phoenix  
  142  11:21  Carrier (Chrono Boost)  
  148  11:27  Carrier (Chrono Boost)  
  154  11:39  Pylon  
  154  11:46  Observer  
  161  11:49  Photon Cannon  
  161  11:52  Photon Cannon, Carrier (Chrono Boost)  
  161  12:00  Protoss Air Armor Level 2 (Chrono Boost)  
  161  12:06  Stargate  
  161  12:08  Probe x2  
  161  12:09  Probe  
  164  12:22  Carrier (Chrono Boost)  
  170  12:28  Nexus  
  170  12:29  Pylon  
  170  12:36  Carrier (Chrono Boost)  
  176  12:49  Pylon  
  176  12:53  Carrier (Chrono Boost)  
  182  13:03  Pylon  
  188  13:13  Pylon  
  188  13:18  Carrier x2 (Chrono Boost)  
  194  13:28  Twilight Council  
  193  13:34  Carrier (Chrono Boost)  
  199  13:55  Stargate x2  
Show
View Real Time Build Order
Export as new Build Order

StraightEdge Protoss 

Build Orders: Phoenix Opening, Mass Phoenix 

Get SALT Encoding   

  12  0:00  Probe  
  13  0:13  Probe  
  14  0:18  Pylon  
  14  0:25  Probe  
  15  0:36  Gateway  
  15  0:37  Probe  
  16  0:44  Assimilator  
  16  0:49  Probe (Chrono Boost)  
  17  0:51  Assimilator  
  17  1:01  Probe (Chrono Boost)  
  18  1:07  Probe (Chrono Boost)  
  18  1:09  Pylon  
  19  1:15  Probe (Chrono Boost)  
  20  1:23  Cybernetics Core  
  21  1:26  Probe (Chrono Boost)  
  21  1:30  Probe (Chrono Boost)  
  23  1:50  Nexus  
  23  1:53  Probe  
  23  2:03  Stargate  
  23  2:07  Probe  
  24  2:14  Stalker (Chrono Boost)  
  26  2:23  Shield Battery  
  26  2:24  Probe  
  27  2:30  Pylon  
  27  2:37  Stalker (Chrono Boost)  
  29  2:53  Void Ray  
  29  2:57  Probe  
  34  3:04  Stalker (Chrono Boost)  
  34  3:06  Probe  
  34  3:09  Probe  
  37  3:21  Probe  
  39  3:39  Probe x2  
  41  3:44  Phoenix (Chrono Boost)  
  39  3:51  Probe x2  
  43  4:01  Phoenix (Chrono Boost)  
  45  4:03  Probe  
  45  4:04  Probe  
  45  4:11  Stargate  
  45  4:14  Assimilator  
  45  4:15  Probe (Chrono Boost)  
  46  4:18  Probe (Chrono Boost)  
  46  4:26  Phoenix (Chrono Boost)  
  46  4:27  Probe (Chrono Boost)  
  50  4:32  Probe (Chrono Boost)  
  50  4:33  Probe (Chrono Boost)  
  50  4:34  Pylon  
  51  4:40  Probe  
  51  4:41  Probe  
  53  4:47  Pylon  
  53  4:52  Probe, Phoenix  
  56  4:53  Probe  
  56  4:55  Phoenix  
  59  5:04  Probe  
  59  5:05  Probe  
  61  5:15  Assimilator  
  61  5:16  Probe  
  61  5:19  Phoenix (Chrono Boost)  
  61  5:21  Protoss Air Weapons Level 1 (Chrono Boost)  
  64  5:24  Pylon  
  64  5:29  Probe  
  64  5:31  Probe  
  64  5:35  Phoenix (Chrono Boost)  
  68  5:40  Nexus  
  68  5:42  Pylon  
  68  5:44  Probe  
  69  5:50  Probe  
  69  5:54  Phoenix  
  69  5:56  Phoenix  
  74  5:58  Probe  
  74  6:03  Probe  
  76  6:07  Shield Battery  
  76  6:10  Probe  
  77  6:14  Fleet Beacon  
  77  6:20  Phoenix  
  77  6:24  Probe  
  80  6:26  Forge  
  80  6:31  Phoenix  
  82  6:43  Probe  
  82  6:45  Phoenix  
  85  6:47  Assimilator  
  85  6:51  Assimilator  
  85  6:54  Probe  
  85  6:57  Anion Pulse-Crystals (Chrono Boost)  
  86  7:01  Phoenix  
  86  7:04  Photon Cannon  
  86  7:07  Photon Cannon  
  88  7:09  Shield Battery  
  88  7:12  Probe  
  88  7:13  Probe  
  90  7:17  Photon Cannon  
  90  7:20  Photon Cannon  
  90  7:23  Probe  
  90  7:24  Probe  
  90  7:29  Stargate  
  92  7:32  Phoenix  
  92  7:33  Protoss Shields Level 1 (Chrono Boost)  
  92  7:34  Probe  
  95  7:46  Protoss Air Weapons Level 2 (Chrono Boost)  
  95  7:47  Phoenix  
  95  7:51  Probe x2  
  99  7:52  Probe  
  99  7:56  Shield Battery  
  99  7:57  Pylon  
  100  8:02  Pylon  
  100  8:03  Probe  
  101  8:12  Shield Battery  
  101  8:19  Shield Battery, Phoenix (Chrono Boost)  
  103  8:21  Photon Cannon  
  103  8:22  Pylon  
  109  8:28  Tempest (Chrono Boost)  
  109  8:30  Tempest (Chrono Boost)  
  113  8:43  Nexus  
  113  8:45  Pylon  
  113  8:55  Twilight Council  
  113  9:01  Stargate  
  113  9:03  Tempest x2  
  123  9:15  Photon Cannon x2  
  123  9:19  Shield Battery  
  123  9:20  Photon Cannon  
  123  9:29  Photon Cannon  
  123  9:31  Probe  
  123  9:32  Probe  
  123  9:34  Tempest  
  123  9:36  Assimilator  
  130  9:40  Protoss Shields Level 2 (Chrono Boost)  
  130  9:59  Protoss Air Weapons Level 3 (Chrono Boost)  
  130  10:00  Mothership (Chrono Boost)  
  130  10:05  Pylon  
  138  10:07  Tempest  
  143  10:17  Pylon  
  143  10:23  Pylon  
  143  10:24  Tempest, Pylon  
  143  10:25  Pylon  
  148  10:31  Carrier  
  154  10:39  Pylon  
  154  10:41  Photon Cannon  
  154  10:43  Shield Battery  
  154  10:47  Shield Battery  
  154  10:55  Tempest  
  154  10:56  Pylon  
  159  11:07  Stargate  
  159  11:08  Pylon  
  159  11:12  Carrier  
  165  11:21  Tempest  
  169  11:35  Tempest, Shield Battery x2  
  169  11:38  Photon Cannon  
  174  11:42  Tempest  
  174  11:44  Pylon  
  174  11:45  Stargate  
  179  11:48  Protoss Shields Level 3 (Chrono Boost)  
  179  11:55  Tempest  
  179  11:57  Probe  
  179  11:58  Probe  
  186  12:17  Nexus  
  186  12:18  Pylon  
  186  12:34  Photon Cannon  
  186  12:35  Tempest  
  191  12:38  Tempest  
  191  12:41  Photon Cannon  
  196  12:45  Shield Battery  
  196  12:51  Pylon  
  196  12:55  Protoss Air Armor Level 1 (Chrono Boost)  
  196  12:58  Pylon  
  196  13:06  Stargate  
  196  13:08  Pylon  
  196  13:35  Pylon  
  196  13:40  Photon Cannon  
  196  13:41  Photon Cannon  
  196  13:44  Photon Cannon  
  196  13:46  Shield Battery  
  196  13:47  Shield Battery  
  196  13:48  Shield Battery  
  196  13:53  Photon Cannon  
  196  14:05  Photon Cannon  
  196  14:07  Photon Cannon  
  196  14:09  Photon Cannon  
  196  14:11  Shield Battery x2  
  196  14:13  Shield Battery  
  196  14:16  Probe x4  
  200  14:18  Photon Cannon  
  200  14:20  Photon Cannon  
  200  14:22  Photon Cannon x2  
  200  14:23  Photon Cannon  
  200  14:25  Shield Battery x2, Pylon  
  200  14:28  Shield Battery  
  199  14:39  Photon Cannon  
  199  14:40  Photon Cannon, Probe  
  198  14:56  Tempest (Chrono Boost)  
  198  14:58  Tempest (Chrono Boost)  
  196  15:00  Tempest (Chrono Boost)  
  169  15:07  Tempest (Chrono Boost)  
  169  15:08  Tempest x2 (Chrono Boost)  
  156  15:15  Tempest (Chrono Boost)  
Tags
 
Add a new tag
Caveats
  • Supply blocks, unpowered buildings, or Contaminate may cause inaccurate times.
  • Supply counts are checked every 10 seconds.